 Dungeon Crawl Stone Soup version 0.23.2-1-ga50397a (webtiles) character file.

Game seed: 8748489482913976730

642 Kahibar the Conjurer (level 7, 0/37 HPs)
             Began as a Deep Elf Conjurer on May 17, 2019.
             Succumbed to an adder's poison
             ... on level 4 of the Dungeon.
             The game lasted 00:55:59 (5659 turns).

Kahibar the Conjurer (Deep Elf Conjurer)            Turns: 5659, Time: 00:55:59

Health: 0/37       AC:  2    Str:  7    XL:     7   Next: 26%
Magic:  3/19       EV: 13    Int: 20    God:
Gold:   207        SH:  0    Dex: 15    Spells: 16/19 levels left

rFire    . . .     SeeInvis .   a - +0 short sword
rCold    . . .     Gourm    .   (no shield)
rNeg     . . .     Faith    .   d - +0 robe
rPois    .         Spirit   .   (no helmet)
rElec    .         Reflect  .   (no cloak)
rCorr    .         Harm     .   (no gloves)
MR       .....                  (no boots)
Stlth    +++.......             (no amulet)
HPRegen  0.12/turn              (no ring)
MPRegen  0.16/turn              (no ring)

@: lethally poisoned (0 -> -4)
A: no striking features
a: no special abilities


You were on level 4 of the Dungeon.
You were not hungry.

You visited 1 branch of the dungeon, and saw 4 of its levels.

You collected 207 gold pieces.

Inventory:

Hand Weapons
 a - a +0 short sword (weapon)
 C - a +1 spear of piercing
Missiles
 e - 72 sling bullets
 h - 148 stones (quivered)
 m - 16 arrows
 n - 5 poisoned needles
 s - 58 bolts
Armour
 d - a +0 robe (worn)
 r - a +0 robe
 u - a +0 robe
 y - a +0 robe
Jewellery
 v - a cursed +2 ring of strength {unknown}
 A - a cursed ring of teleportation {unknown}
Wands
 B - a wand of paralysis (15)
Scrolls
 b - 2 scrolls of fog {unknown}
 f - 2 scrolls of teleportation {unknown}
 g - a scroll of magic mapping {unknown}
 i - 2 scrolls of amnesia {unknown}
 j - 3 scrolls of identify {unknown}
 k - 4 scrolls of enchant armour {unknown}
Potions
 l - a potion of flight {unknown}
 o - a potion of haste {unknown}
 p - a potion of agility {unknown}
 q - a potion of curing {unknown}
 t - 2 potions of mutation {unknown}
 w - a potion of resistance {unknown}
 x - a potion of lignification {unknown}
Comestibles
 c - 7 rations


   Skills:
 + Level 0.7 Fighting
 + Level 1.9 Short Blades
 + Level 0.3 Throwing
 + Level 3.1 Dodging
 + Level 3.8 Stealth
 + Level 0.2 Unarmed Combat
 + Level 6.7 Spellcasting
 + Level 7.0 Conjurations


You had 16 spell levels left.
You knew the following spells:

 Your Spells              Type           Power        Failure   Level  Hunger
a - Magic Dart            Conj           ####         1%          1    None
b - Searing Ray           Conj           ####..       1%          2    None

Your spell library contained the following spells:

 Spells                   Type           Power        Failure   Level  Hunger
 Iskenderun's Mystic Bla  Conj           ####....     5%          4    ###....
 Dazzling Spray           Conj/Hex       ###...       7%          3    #......
 Confusing Touch          Hex            #.....       10%         1    None
 Force Lance              Conj/Tloc      ###.....     22%         4    ###....
 Fulminant Prism          Conj/Hex       ###.......   22%         4    ###....
 Confuse                  Hex            #.......     28%         3    #......
 Gell's Gravitas          Tloc           #.........   28%         3    #......
 Petrify                  Tmut/Erth      #.......     67%         4    ###....
 Metabolic Englaciation   Hex/Ice        #.........   95%         5    #####..
 Yara's Violent Unravell  Hex/Tmut       #.........   95%         5    #####..


Dungeon Overview and Level Annotations

Branches:
Dungeon (4/15)
 Temple: D:4-7

Altars:
Trog
The Shining One


Message History

Casting: Magic Dart (safe; 1% risk of failure)
Confirm with . or Enter, or press ? or * to list all spells.
Aiming: Magic Dart (safe; 1% risk of failure)
Press: ? - help, Shift-Dir - straight line, f/p - adder
Aim: an adder (heavily wounded)
The magic dart hits the adder.
The adder is almost dead.
The adder bites you.
* * * LOW HITPOINT WARNING * * *
The adder bites you but does no damage. The adder bites you but does no damage.
The adder bites you but does no damage.
You see here a +0 giant club.
The adder bites you.
* * * LOW HITPOINT WARNING * * *
The adder bites you.
* * * LOW HITPOINT WARNING * * *
You are lethally poisoned!
The adder poisons you!
You die...

#.....# #.###.######
#.#......... #######.#.#.######
#....)......# # #.######....# #
#S#####.....# # #...........# #
######@.####.....# #
###.......# ##....# #
########).....#..# ###.#.# #
#<...)....)##....####...#.# #
#.##....................#.#
#.##.###.###.......##..........
#.##.# #.# #.......###########.
##.##.# #.# #.......# ...##.#
#.# #......##


You could see an adder.

Vanquished Creatures
  4 ogres
  A scorpion (D:4)
  An orc priest (D:4)
  2 orc wizards (D:4)
  3 adders
  A howler monkey skeleton (D:3)
  A worm (D:3)
  2 dart slugs (D:1)
  A leopard gecko (D:2)
  9 orcs
  A ball python (D:2)
  3 giant cockroaches
  18 goblins
  7 hobgoblins
  21 jackals
  7 kobolds
  3 quokkas
  10 bats
  4 frilled lizards
  A leopard gecko skeleton (D:2)
  5 rats
105 creatures vanquished.

Notes
Turn   | Place    | Note
-------+----------+-------------------------------------------
     0 | D:1      | Kahibar the Deep Elf Conjurer began the quest for the Orb.
     0 | D:1      | Reached XP level 1. HP: 10/10 MP: 6/6
   210 | D:1      | Reached XP level 2. HP: 13/15 MP: 1/8
   418 | D:1      | Reached skill level 5 in Conjurations
  1000 | D:1      | Reached XP level 3. HP: 19/19 MP: 4/9
  2231 | D:2      | Reached XP level 4. HP: 24/24 MP: 8/11
  3242 | D:3      | Found a glowing golden altar of the Shining One.
  3330 | D:3      | Reached skill level 1 in Short Blades
  3610 | D:3      | Learned a level 2 spell: Searing Ray
  3785 | D:3      | Found a bloodstained altar of Trog.
  3896 | D:3      | Reached XP level 5. HP: 25/28 MP: 8/12
  4382 | D:4      | Noticed an ogre
  4461 | D:4      | Noticed an ogre
  4532 | D:3      | Killed an ogre
  4532 | D:3      | Reached skill level 5 in Spellcasting
  4532 | D:3      | Reached skill level 6 in Conjurations
  4532 | D:3      | Reached XP level 6. HP: 33/33 MP: 3/15
  5220 | D:4      | Reached XP level 7. HP: 37/37 MP: 1/18
  5619 | D:4      | Reached skill level 7 in Conjurations
  5658 | D:4      | HP: 1/37 [adder (3)]
  5659 | D:4      | Succumbed to an adder's poison

Skill      XL: |  1  2  3  4  5  6  7 |
---------------+----------------------+-----
Conjurations   | 5 6 7 |  7.0
Stealth        | 3 |  3.8
Short Blades   | 1 |  1.9
Spellcasting   | 5 6 |  6.7
Dodging        | 3 |  3.1
Fighting       | |  0.7
Throwing       | |  0.3
Unarmed Combat | |  0.2

Action                   |  1- 3 |  4- 6 |  7- 9 || total
-------------------------+-------+-------+-------++-------
Melee: Unarmed           |    19 |       |       ||    19
       Short sword       |    31 |    20 |       ||    51
Throw: Stone             |     5 |       |       ||     5
 Cast: Magic Dart        |    65 |   121 |     3 ||   189
       Searing Ray       |       |    27 |    17 ||    44
  Eat: Chunk             |     4 |     8 |       ||    12
       Ration            |       |       |     1 ||     1
Armor: Robe              |    18 |     4 |     3 ||    25
Dodge: Dodged            |    71 |    48 |     4 ||   123
